 Dungeon Crawl Stone Soup version 0.31.0-11-ge490571c62 (webtiles) character file.

Game seed: 17351199232063392286

29 qw the Shooter (level 3, -1/20 HPs)
             Began as a Deep Elf Hunter on Feb 4, 2024.
             Slain by a ribbon worm (5 damage)
             ... on level 2 of the Dungeon.
             The game lasted 00:00:03 (896 turns).

qw the Shooter (Deep Elf Hunter)                     Turns: 896, Time: 00:00:03

Health: -1/20      AC:  5    Str: 10    XL:     3   Next: 1%
Magic:  5/5        EV: 11    Int: 13    God:
Gold:   60         SH:  0    Dex: 18    Spells: 2/2 levels left

rFire   . . .        a - +0 shortbow (chaos)
rCold   . . .        (shield currently unavailable)
rNeg    . . .        h - +0 ring mail
rPois   .            (no helmet)
rElec   .            (no cloak)
rCorr   .            (no gloves)
SInv    .            (no boots)
Will    .....        (no amulet)
Stlth   +            (no ring)
HPRegen 0.23/turn    (no ring)
MPRegen 0.09/turn

%: no passive effects
@: no status effects
A: no striking features
a: no special abilities


You were on level 2 of the Dungeon.
You visited 1 branch of the dungeon, and saw 2 of its levels.

You collected 60 gold pieces.


   Skills:
 - Level 1.5 Fighting
 + Level 6.6 Ranged Weapons
 - Level 2.4 Dodging
 - Level 1.2 Stealth


You had 2 spell levels left.
You didn't know any spells.
Your spell library was empty.

Inventory:

Hand Weapons
 a - a +0 shortbow of chaos (weapon)
Armour
 h - a +0 ring mail (worn)
Potions
 b - a potion of lignification {unknown}
 j - a potion of curing
 k - a potion of resistance {unknown}

Dungeon Overview and Level Annotations

Branches:
Dungeon (2/15)

Altars:


Message History

You shoot an arrow. The arrow misses the kobold.
The arrow hits the ribbon worm!
The ribbon worm is heavily wounded.
The kobold hits you with a +0 short sword.
The kobold barely misses you.
You shoot an arrow. The arrow hits the kobold.
You kill the kobold!
The kobold hits you but does no damage.
You shoot an arrow. The arrow hits the ribbon worm.
The ribbon worm is heavily wounded.
The kobold hits you but does no damage.
The ribbon worm expels a string of sticky webbing.
The stream of webbing hits you but does no damage.
You are caught in a web!
You struggle to detach yourself from the web.
The kobold hits you but does no damage.
The web tears apart.
The kobold hits you with a +2 dagger of protection.
The ribbon worm closely misses you.
You shoot an arrow. The arrow hits the ribbon worm.
The ribbon worm seems to slow down.
The ribbon worm is moderately wounded.
The kobold hits you with a +2 dagger of protection.
The ribbon worm bites you.
The kobold hits you with a +2 dagger of protection.
You shoot an arrow. The arrow hits the ribbon worm.
The arrow burns the ribbon worm.
The ribbon worm is severely wounded.
The ribbon worm is no longer moving slowly.
The kobold hits you but does no damage.
The ribbon worm expels a string of sticky webbing.
The stream of webbing misses you.
You shoot an arrow.
The arrow barely misses the ribbon worm.
The kobold hits you with a +2 dagger of protection.
The ribbon worm barely misses you.
You shoot an arrow. The arrow hits the ribbon worm.
The ribbon worm suddenly seems more resistant.
The ribbon worm is almost dead.
The kobold closely misses you. The ribbon worm bites you.
You die...

#.##.##.#
#.#... #
#.##.#
..###.#
#....#
..## #.##
####.# ..
#....
#.#####.#
# #####
#.......#
.
#######.#
[ #.# #.
#@# #K.w#
#.###.#
#. ... #
.#. <. ..
#. . ..


You could see a ribbon worm (resistant, catching breath) and a kobold.

Vanquished Creatures
  2 dart slugs (D:1)
  A bat (D:1)
  An endoplasm (D:1)
  3 hobgoblins (D:1)
  2 jackals (D:1)
  3 quokkas (D:1)
  A ball python (D:1)
  A frilled lizard (D:2)
  2 goblins (D:1)
  2 kobolds
  6 rats
  A spectral kobold (D:1)
25 creatures vanquished.

Notes
Turn   | Place    | Note
-------+----------+-------------------------------------------
     0 | D:1      | qw the Deep Elf Hunter began the quest for the Orb.
     0 | D:1      | Reached XP level 1. HP: 12/12 MP: 3/3
     0 | D:1      | 0 ||| qw: Version: 0.3-a-160-g6735b56
     0 | D:1      | 0 ||| qw: Game counter: 5695
     0 | D:1      | 0 ||| qw: Melee chars always use a shield: true
     0 | D:1      | 0 ||| qw: God list: Okawaru
     0 | D:1      | 0 ||| qw: Allow faded altars: false
     0 | D:1      | 0 ||| qw: Do Orc after clearing Dungeon:15 true
     0 | D:1      | 0 ||| qw: Do second Lair branch before Depths: true
     0 | D:1      | 0 ||| qw: Lair rune preference: random
     0 | D:1      | 0 ||| qw: Goals: Normal
     0 | D:1      | 0 ||| PLANNING D:1-11
   160 | D:1      | Reached skill level 6 in Ranged Weapons
   160 | D:1      | Reached XP level 2. HP: 14/16 MP: 4/4
   386 | D:1      | Found a faded altar of an unknown god.
   643 | D:1      | 643 ||| UPGRADING to +0 ring mail.
   653 | D:1      | 653 ||| DROPPING +0 leather armour.
   654 | D:1      | 654 ||| READING 3 scrolls labelled ICEKHALOBA.
   654 | D:1      | 654 ||| IDENTIFYING grey potion
   655 | D:1      | 655 ||| READING 2 scrolls of identify.
   655 | D:1      | 655 ||| IDENTIFYING lumpy orange potion
   656 | D:1      | 656 ||| READING scroll of identify.
   656 | D:1      | 656 ||| IDENTIFYING brown potion
   657 | D:1      | 657 ||| READING scroll labelled XEQI HAULU.
   658 | D:1      | 658 ||| READING scroll labelled ARIKLADAGO.
   658 | D:1      | 658 ||| BRANDING +0 shortbow.
   659 | D:1      | 659 ||| DROPPING scroll of butterflies.
   660 | D:1      | 660 ||| DROPPING potion of invisibility.
   661 | D:1      | 661 ||| DROPPING potion of degeneration.
   812 | D:2      | Reached XP level 3. HP: 20/20 MP: 5/5
   893 | D:2      | HP: 5/20 [kobold/+2 dagger of protection (2)]
   896 | D:2      | Slain by a ribbon worm

Levels and vault maps discovered:
D:1:      dpeg_arrival_radiant, layout_basic,
          dreamdust_ecumenical_altar_drowned_temple
D:2:      layout_loops_cross, st_stairs_8

Skill      XL: |  1 |
---------------+----+-----
Ranged Weapons | 6 |  6.6
Fighting       | |  1.5
Dodging        | |  2.4
Stealth        | |  1.2

Action                     || total
---------------------------++-------
   Fire: Shortbow          ||    81
    Use: Scroll            ||     5
 Armour: Leather armour    ||     4
         Ring mail         ||    15
  Dodge: Dodged            ||    18

Table legend:
 A = Non-vault XP
 B = Vault XP
 C = Vault XP percentage of total XP
 D = Non-vault monster count
 E = Vault monster count
 F = Vault count percentage of total count
                 A         B        C        D         E       F
            +---------+---------+-------+---------+---------+-------
      Total |      40 |       2 |   4.8 |      23 |       2 |   8.0
            +---------+---------+-------+---------+---------+-------
        D:1 |      37 |       1 |   2.6 |      20 |       1 |   4.8
        D:2 |       3 |       1 |  25.0 |       3 |       1 |  25.0
            +---------+---------+-------+---------+---------+-------
